 Dungeon Crawl Stone Soup version 0.29-a0-283-ga02f740833 (webtiles) character file.

Game seed: 2915197844917123368

827 jmlagarto the Thaumaturge (level 7, 0/54 HPs)
             Began as a Deep Elf Ice Elementalist on Mar 13, 2022.
             Was a Believer of Nemelex Xobeh.
             Succumbed to a water moccasin's poison
             ... on level 5 of the Dungeon.
             The game lasted 00:15:36 (5230 turns).

jmlagarto the Thaumaturge (DEIE)                    Turns: 5230, Time: 00:15:37

Health: 0/54       AC: 31    Str:  5    XL:     7   Next: 64%
Magic:  13/20      EV:  2    Int: 22    God:    Nemelex Xobeh [**....]
Gold:   294        SH:  0    Dex: 15    Spells: 11/22 levels left

rFire   . . .      SeeInvis .   q - +2 dagger (venom)
rCold   . . .      Faith    .   (no shield)
rNeg    . . .      Spirit   .   (body armour currently unavailable)
rPois   +          Reflect  .   (helmet currently unavailable)
rElec   .          Harm     .   (cloak currently unavailable)
rCorr   .          Rampage  .   (gloves currently unavailable)
Will    .....      NoTele   +   (boots currently unavailable)
Stlth   +++.......              (no amulet)
HPRegen 0.18/turn               s - +4 ring of evasion
MPRegen 0.17/turn               v - ring of wizardry

@: lethally poisoned (0 -> -1), ice-armoured, tree-form, on berserk cooldown,
hasted and slowed
A: stationary, stasis, torment immunity, boosted hp
a: Renounce Religion, Draw Escape, Draw Destruction, Draw Summoning


You were on level 5 of the Dungeon.
You worshipped Nemelex Xobeh.
Nemelex Xobeh was pleased with you.
You were a tree.
You visited 1 branch of the dungeon, and saw 5 of its levels.

You collected 294 gold pieces.

Inventory:

Hand Weapons
 h - a +1 hunting sling of flaming
 q - a +2 dagger of venom (weapon)
 y - a +2 quarterstaff of distortion
Missiles
 r - 10 poisoned darts
 x - a curare-tipped dart
Armour
 a - a +0 robe (melded)
 d - the +0 pair of boots of Dim Light (melded) {Dex+3}
   (You found it on level 2 of the Dungeon)

   Dex:       It affects your dexterity (+3).
Magical Staves
 p - a staff of poison
Jewellery
 o - a ring of protection from cold
 s - a +4 ring of evasion (left branch)
 v - a ring of wizardry (right branch)
Wands
 e - a wand of flame (26)
Scrolls
 c - a scroll of blinking
 f - 2 scrolls of magic mapping
 g - a scroll of fog {unknown}
 l - a scroll of silence {unknown}
 n - a scroll of vulnerability {unknown}
 t - a scroll of brand weapon {unknown}
Potions
 b - a potion of haste
 i - 2 potions of lignification
 j - a potion of flight {unknown}
 k - a potion of cancellation {unknown}
 m - 2 potions of berserk rage
 u - a potion of mutation {unknown}
 w - a potion of brilliance {unknown}


   Skills:
 + Level 2.9 Dodging
 + Level 4.4 Stealth
 + Level 0.1 Unarmed Combat
 + Level 8.4 Spellcasting
 + Level 7.2 Ice Magic


You had 11 spell levels left.
You knew the following spells:

 Your Spells              Type           Power      Damage    Failure   Level
a - Freeze                Ice            100%       1d11      1%          1
b - Frozen Ramparts       Ice            82%        1d10      1%          3
c - Ozocubu's Armour      Ice            41%        N/A       1%          3
d - Hailstorm             Conj/Ice       25%        3d7       6%          4

Your spell library contained the following spells:

 Spells                   Type           Power      Damage    Failure   Level


Dungeon Overview and Level Annotations

Branches:
Dungeon (5/15)             Temple (0/1) D:4

Altars:
Ashenzari
Nemelex Xobeh

Shops:
D:1 !


Message History

Aim: a water moccasin (almost dead, slow)
You freeze the water moccasin.
You kill the water moccasin!
* * * LOW HITPOINT WARNING * * *
You feel very sick.
There is a lethal amount of poison in your body!
There is a lethal amount of poison in your body!
There is a lethal amount of poison in your body!
* * * LOW HITPOINT WARNING * * *
You feel sick.
* * * LOW HITPOINT WARNING * * *
You feel sick.
It was a potion of haste.
You feel yourself speed up.
* * * LOW HITPOINT WARNING * * *
You feel sick.
It was a potion of lignification.
You turn into a tree.
The +0 pair of boots of Dim Light {Dex+3} melds into your body.
Your +0 robe melds into your body.
Your roots penetrate the ground.
* * * LOW HITPOINT WARNING * * *
You feel sick.
It was a potion of berserk rage.
A red film seems to cover your vision as you go berserk!
You feel yourself moving faster!
You feel mighty!
The frozen ramparts melt away.
* * * LOW HITPOINT WARNING * * *
You feel sick.
Unknown command.
You are too berserk!
You are too berserk!
You feel a strong urge to attack something.
* * * LOW HITPOINT WARNING * * *
You feel sick.
You feel your anger nearly subside.
* * * LOW HITPOINT WARNING * * *
You feel sick.
You are no longer berserk.
You are exhausted.
You feel yourself slow down.
You die...
Your body glows slightly and disappears.

##..##<.......
##8..8#................
#..>...................
#.....................
..#8..8#########.....#
..##..##.......#.....# .
.....#.........#...<.#..
.....#.........#†.......
.....#.........#♣..?#
....(#########'#...###
###### #........###
#).......# y. #........#
.# #.........# #
#......^.###
#........##y.
.......##.# #.y


You could see a killer bee.

Vanquished Creatures
  A water moccasin (D:5)
  A sky beast (D:5)
  A kobold brigand (D:4)
  3 scorpions
  A jelly (D:4)
  2 hounds (D:4)
  Jessica (D:2)
  Terence (D:2)
  Natasha (thrice) (D:2)
  An orc wizard (D:4)
  An adder (D:5)
  A white imp (D:5)
  A worm (D:2)
  2 dart slugs
  7 orcs
  6 bats
  9 endoplasms
  7 giant cockroaches
  10 hobgoblins
  9 jackals
  4 quokkas
  7 ball pythons
  2 frilled lizards (D:1)
  11 goblins
  8 kobolds
  5 rats
105 creatures vanquished.

Notes
Turn   | Place    | Note
-------+----------+-------------------------------------------
     0 | D:1      | jmlagarto the Deep Elf Ice Elementalist began the quest for
                  | the Orb.
     0 | D:1      | Reached XP level 1. HP: 10/10 MP: 6/6
    49 | D:1      | Found Zyskirph's Distillery.
    71 | D:1      | Reached XP level 2. HP: 10/15 MP: 2/8
   225 | D:2      | Identified the +0 pair of boots of Dim Light {Dex+3}
   280 | D:2      | Reached skill level 5 in Ice Magic
   473 | D:2      | You fall into a shaft and drop 2 floors!
   617 | D:3      | Noticed a scorpion
   646 | D:3      | Reached XP level 3. HP: 19/19 MP: 8/10
   650 | D:3      | Learned a level 3 spell: Frozen Ramparts
   654 | D:3      | Learned a level 3 spell: Ozocubu's Armour
   684 | D:2      | Noticed Terence
   936 | D:1      | Reached skill level 4 in Spellcasting
  1094 | D:1      | Found a faded altar of an unknown god.
  1150 | D:1      | Prayed at the altar of an unknown god.
  1150 | D:1      | Became a worshipper of Nemelex Xobeh the Trickster
  1150 | D:1      | Reached * piety under Nemelex Xobeh
  1150 | D:1      | Received a gift from Nemelex Xobeh
  1449 | D:2      | Noticed Natasha
  1456 | D:2      | Killed Natasha
  1457 | D:2      | Reached XP level 4. HP: 24/24 MP: 2/12
  1604 | D:2      | Noticed Natasha
  1611 | D:2      | Killed Natasha
  1788 | D:2      | Noticed Natasha
  1802 | D:2      | Killed Natasha
  1803 | D:2      | Reached skill level 5 in Spellcasting
  1803 | D:2      | Reached XP level 5. HP: 23/28 MP: 6/14
  2191 | D:2      | Noticed Jessica
  2199 | D:2      | Killed Jessica
  2504 | D:2      | Killed Terence
  2898 | D:3      | Reached skill level 6 in Spellcasting
  2898 | D:3      | Reached XP level 6. HP: 22/32 MP: 11/17
  3582 | D:3      | Reached ** piety under Nemelex Xobeh
  4051 | D:4      | Found a sparkling altar of Nemelex Xobeh.
  4073 | D:4      | Found a staircase to the Ecumenical Temple.
  4548 | D:4      | Reached skill level 7 in Spellcasting
  4548 | D:4      | Reached XP level 7. HP: 34/36 MP: 7/19
  4810 | D:4      | Found a broken altar of Ashenzari.
  5012 | D:5      | Entered Level 5 of the Dungeon
  5020 | D:5      | Reached skill level 8 in Spellcasting
  5025 | D:5      | Learned a level 4 spell: Hailstorm
  5226 | D:5      | HP: 3/81 [poisoned by a water moccasin]
  5230 | D:5      | Succumbed to a water moccasin's poison

Illustrated notes

Levels and vault maps discovered:
D:1:      saegor_arrival_simple_a, layout_rooms, serial_shops, shop,
          dreamdust_ecumenical_altar_statues, hangedman_feature_mirror
D:2:      layout_basic, uniq_terence, uniq_jessica, uniq_natasha
D:3:      layout_loops_cross, guppyfry_early_orc_mine
D:4:      layout_gridville, ashenzari_conservatory_becter,
          nemelex_spade_bored_becter, temple_doors_cd
D:5:      layout_gridville, nicolae_overflow_crystal_walls,
          kennysheep_slug_shrine, gammafunk_ghost_hive, st_stairs_6,
          uniq_eustachio, uniq_edmund, uniq_grinder

Skill      XL: |  1  2  3  4  5  6  7 |
---------------+----------------------+-----
Ice Magic      | 5 6 7 |  7.2
Spellcasting   | 4 5 6 7 8 |  8.4
Stealth        | 4 |  4.4
Dodging        | |  2.9
Unarmed Combat | |  0.1

Action                   |  1- 3 |  4- 6 |  7- 9 || total
-------------------------+-------+-------+-------++-------
Melee: Unarmed           |     3 |     1 |       ||     4
       Dagger            |       |     5 |     6 ||    11
 Cast: Freeze            |    72 |    52 |    20 ||   144
       Frozen Ramparts   |     2 |    11 |     5 ||    18
       Ozocubu's Armour  |     2 |     9 |     4 ||    15
  Use: Potion            |     2 |       |     3 ||     5
       Scroll            |     2 |     1 |       ||     3
Armor: Robe              |    26 |    13 |     4 ||    43
Dodge: Dodged            |    73 |    26 |    14 ||   113

Table legend: (Time is in decaauts)
 A = Elapsed time spent in this place.
 B = Non-inter-level travel time spent in this place.
 C = Inter-level travel time spent in this place.
 D = Time resting spent in this place.
 E = Time spent auto-exploring this place.
 F = Levels seen in this place.
 G = Mean time per level.
                   A        B        C        D        E       F      G
               +--------+--------+--------+--------+--------+-----+--------+
         Total |   5228 |   4903 |    325 |      0 |   4079 |   5 | 1045.6 |
       Dungeon |   5228 |   4903 |    325 |      0 |   4079 |   5 | 1045.6 |
               +--------+--------+--------+--------+--------+-----+--------+

Top non-repeatable levels by time:
     D:2: 1916 daAuts
     D:4: 1418 daAuts
     D:3: 1023 daAuts
     D:1: 654 daAuts
     D:5: 216 daAuts
